 Dungeon Crawl Stone Soup version 0.29-a0-617-g7a6b98fccd (webtiles) character file.

Game seed: 14236294323977967068

17 Vylera the Gusty (level 2, -1/13 HPs)
             Began as a Vine Stalker Wanderer on June 18, 2022.
             Slain by a hobgoblin (2 damage)
             ... on level 1 of the Dungeon.
             The game lasted 00:02:58 (485 turns).

Vylera the Gusty (Vine Stalker Wanderer)             Turns: 485, Time: 00:02:59

Health: -1/13      AC:  3    Str: 12    XL:     2   Next: 62%
Magic:  0/5        EV: 12    Int: 15    God:
Gold:   23         SH:  0    Dex: 12    Spells: 2/4 levels left

rFire   . . .      SeeInvis .   a - +0 hunting sling
rCold   . . .      Faith    .   (no shield)
rNeg    . . .      Spirit   +   c - +0 robe
rPois   .          Reflect  .   (no helmet)
rElec   .          Harm     .   (no cloak)
rCorr   .          Rampage  .   d - +0 pair of gloves
Will    .....                   (no boots)
Stlth   ++........              (no amulet)
HPRegen 0.04/turn               (no ring)
MPRegen 0.09/turn               (no ring)

@: no status effects
A: fangs 2, magic shield, antimagic bite, no potion heal 2
a: no special abilities


You were on level 1 of the Dungeon.
You visited 1 branch of the dungeon, and saw 1 of its levels.

You collected 23 gold pieces.

Inventory:

Hand Weapons
 a - a +0 hunting sling (weapon)
 b - a +0 short sword
 f - a +0 club
Armour
 c - a +0 robe (worn)
 d - a +0 pair of gloves (worn)
Potions
 e - a potion of magic {unknown}
 g - a potion of invisibility


   Skills:
 - Level 1.0 Throwing
 - Level 1.5 Dodging
 - Level 1.2 Stealth
 + Level 1.5 Spellcasting
 * Level 1.4 Conjurations
 - Level 2.0 Summonings
 + Level 2.3 Air Magic
 - Level 1.0 Invocations


You had 2 spell levels left.
You knew the following spells:

 Your Spells              Type           Power      Damage    Failure   Level
a - Shock                 Conj/Air       24%        1d4       11%         1
b - Summon Small Mammal   Summ           28%        N/A       11%         1

Your spell library contained the following spells:

 Spells                   Type           Power      Damage    Failure   Level
 Poisonous Vapours        Pois/Air       8%         N/A       22%         2
 Call Canine Familiar     Summ           7%         N/A       30%         3
 Mephitic Cloud           Conj/Pois/Air  4%         N/A       38%         3


Dungeon Overview and Level Annotations

Branches:
Dungeon (1/15)

Altars:


Innate Abilities, Weirdness & Mutations

You have extremely sharp teeth.
When hurt, damage is shared between your health and your magic reserves.
Your bite disrupts and absorbs the magic of your enemies.
Potions cannot restore your health.


Message History

The sling bullet closely misses the hobgoblin.
The hobgoblin closely misses you. The kobold hits you but does no damage.
The hobgoblin closely misses you.
You shoot a sling bullet. The sling bullet hits the kobold.
The kobold is severely wounded.
The hobgoblin hits you. The kobold barely misses you.
The kobold attacks as you move away! The kobold barely misses you.
You shoot a sling bullet.
The sling bullet closely misses the kobold.
The hobgoblin hits you. The kobold misses you.
The kobold hits you but does no damage. The hobgoblin misses you.
You shoot a sling bullet.
The sling bullet closely misses the kobold.
The hobgoblin hits you. The kobold closely misses you.
You shoot a sling bullet. The sling bullet hits the kobold.
You kill the kobold!
The hobgoblin hits you. x2
You are too injured to fight recklessly!
The hobgoblin attacks as you move away! The hobgoblin hits you.
* * * LOW HITPOINT WARNING * * *
Casting: Shock (safe; 11% risk of failure)
Confirm with . or Enter, or press ? or * to list all spells.
Aiming: Shock (safe; 11% risk of failure)
Press: ? - help, Shift-Dir - straight line, f - hobgoblin
Aim: a hobgoblin (64% to hit)
The zap hits the hobgoblin.
The hobgoblin is moderately wounded.
The hobgoblin barely misses you.
Casting: Shock (safe; 11% risk of failure)
Confirm with . or Enter, or press ? or * to list all spells.
Aiming: Shock (safe; 11% risk of failure)
Press: ? - help, Shift-Dir - straight line, f/p - hobgoblin
Aim: a hobgoblin (moderately wounded, 64% to hit)
The zap misses the hobgoblin.
The hobgoblin closely misses you.
Casting: Shock (safe; 11% risk of failure)
Confirm with . or Enter, or press ? or * to list all spells.
You don't have enough magic to cast this spell.
The hobgoblin attacks as you move away! The hobgoblin closely misses you.
The hobgoblin attacks as you move away! The hobgoblin hits you.
You die...

#.# #.# #.# #.# #.# ##+# #.#
#.# ##...## #####.#####.# ###
##.....## #.........#.#...
##.......###.#...##..#.#.###..
#.........##.#...##..#........
+.........(..@g.......)....†..
#.........##.#...##..###.###..
#.......###.#...##..# #
##..†..## #.........# ##...##
###.#.###.# ##'## #.... ..#
#.# ###.##### #.# #.# ##.##


You could see a hobgoblin.

Vanquished Creatures
  2 ball pythons (D:1)
  A giant cockroach (D:1)
  3 goblins (D:1)
  2 hobgoblins (D:1)
  2 kobolds (D:1)
  A quokka (D:1)
  4 bats (D:1)
15 creatures vanquished.

Notes
Turn   | Place    | Note
-------+----------+-------------------------------------------
     0 | D:1      | Vylera the Vine Stalker Wanderer began the quest for the
                  | Orb.
     0 | D:1      | Vylera set off with the following items: a +0 club, a
                  | potion of invisibility, a +0 robe, a +0 pair of gloves; and
                  | the following spells available to memorise: Summon Small
                  | Mammal, Shock, Poisonous Vapours, Call Canine Familiar,
                  | Mephitic Cloud.
     0 | D:1      | Reached XP level 1. HP: 9/9 MP: 3/3
     2 | D:1      | Learned a level 1 spell: Shock
     4 | D:1      | Learned a level 1 spell: Summon Small Mammal
   291 | D:1      | Reached skill level 1 in Conjurations
   291 | D:1      | Reached XP level 2. HP: 13/13 MP: 5/5
   485 | D:1      | Slain by a hobgoblin

Illustrated notes

Levels and vault maps discovered:
D:1:      lemuel_arrival_muddy, layout_loops_corners

Skill      XL: |  1 |
---------------+----+-----
Conjurations   | 1 |  1.4
Throwing       | |  1.0
Dodging        | |  1.5
Stealth        | |  1.2
Spellcasting   | |  1.5
Summonings     | |  2.0
Air Magic      | |  2.3
Invocations    | |  1.0

Action                   || total
-------------------------++-------
Melee: Club              ||     1
 Fire: Hunting sling     ||    36
 Cast: Shock             ||    12
Armor: Robe              ||     5
Dodge: Dodged            ||    21

Table legend: (Time is in decaauts)
 A = Elapsed time spent in this place.
 B = Non-inter-level travel time spent in this place.
 C = Inter-level travel time spent in this place.
 D = Time resting spent in this place.
 E = Time spent auto-exploring this place.
 F = Levels seen in this place.
 G = Mean time per level.
                   A        B        C        D        E       F      G
               +--------+--------+--------+--------+--------+-----+--------+
         Total |    503 |    503 |      0 |      0 |    396 |   1 |  503.0 |
       Dungeon |    503 |    503 |      0 |      0 |    396 |   1 |  503.0 |
               +--------+--------+--------+--------+--------+-----+--------+

Top non-repeatable levels by time:
     D:1: 503 daAuts
